 Dungeon Crawl Stone Soup version 0.31-a0-618-g7ca08c1ff9 (webtiles) character file.

Game seed: 1739312153754413436

30 spiderkeys the Digger (level 3, -5/19 HPs)
             Began as a Deep Elf Earth Elementalist on Aug 22, 2023.
             Killed from afar by Sigmund (9 damage)
             ... with a puff of flame
             ... on level 2 of the Dungeon.
             The game lasted 00:01:35 (1103 turns).

spiderkeys the Digger (Deep Elf Earth Elementalist) Turns: 1103, Time: 00:01:36

Health: -5/19      AC:  2    Str:  5    XL:     3   Next: 3%
Magic:  10/10      EV: 12    Int: 21    God:
Gold:   29         SH:  0    Dex: 15    Spells: 8/9 levels left

rFire   . . .        (no weapon)
rCold   . . .        (no shield)
rNeg    . . .        a - +0 robe
rPois   +            (no helmet)
rElec   .            (no cloak)
rCorr   .            (no gloves)
SInv    .            (no boots)
Will    .....        (no amulet)
Stlth   ++           P - ring of poison resistance
HPRegen 0.23/turn    (no ring)
MPRegen 0.12/turn

%: no passive effects
@: no status effects
A: no striking features
a: no special abilities


You were on level 2 of the Dungeon.
You visited 1 branch of the dungeon, and saw 2 of its levels.

You collected 29 gold pieces.


   Skills:
 - Level 2.4 Dodging
 - Level 2.4 Stealth
 + Level 3.7 Spellcasting
 + Level 2.1 Transmutations
 + Level 3.7 Earth Magic


You had 8 spell levels left.
You knew the following spells:

 Your Spells              Type           Power      Damage    Failure   Level
s - Sandblast             Erth           38%        2d10      2%          1

Your spell library contained the following spells:

 Spells                   Type           Power      Damage    Failure   Level
 Passwall                 Tmut/Erth      13%        N/A       5%          2
 Wereblood                Tmut           12%        N/A       8%          2
 Apportation              Tloc           6%         N/A       12%         1
 Necrotise                Necr           12%        1d4       12%         1
 Summon Small Mammal      Summ           12%        N/A       12%         1
 Stone Arrow              Conj/Erth      22%        3d8       17%         3
 Sublimation of Blood     Necr           3%         N/A       19%         2
 Petrify                  Tmut/Erth      16%        N/A       36%         4
 Summon Hydra             Summ           1%         N/A       100%        7

Inventory:

Missiles
 e - 18 stones
 i - 2 poisoned darts
Armour
 a - a +0 robe (worn)
Jewellery
 P - a ring of poison resistance (left hand)
   (You found it on level 1 of the Dungeon)
Scrolls
 f - a scroll of poison {unknown}
 g - a scroll of vulnerability {unknown}
 h - a scroll of teleportation {unknown}
 j - a scroll of fear {unknown}
 k - a scroll of blinking {!r}
Potions
 b - a potion of magic
 c - 2 potions of heal wounds {unknown}
 d - a potion of attraction {unknown}

Dungeon Overview and Level Annotations

Branches:
Dungeon (2/15) Zot: 10883

Altars:

Shops:
D:2 *

Annotations:
D:2 Sigmund

..####........###.....##
## #)........#.......##
... #)#######...###...#
##... ... .......##
##..######..... .)...
#####>#######{....#......
..####
#........##.....#....# .
...8..#...........###
###.................#
#.<...@................
#.......####+#######+##
##########.∩....##
#...............#
...........8....#
........##......#
........##......+
##########......#
#†.....#


There were no monsters in sight!


Message History

You now have 19 gold pieces (gained 10).
Found an escape hatch in the floor. 😎 MP[+4]
Your mp is fully restored (8).
There is an entrance to Raqoxin's General Store here.
f - a scroll labelled XYECUET ZYZXU You now have 29 gold pieces (gained 10).
e - 18 stones (gained 1) Key pressed, stopping explore.
A hobgoblin comes into view.
A hobgoblin is nearby!
Okay, then.
A hobgoblin is nearby!
The hobgoblin shouts!
You hear an angry hiss.
You see here a +0 buckler.
The blast of sand hits the hobgoblin!
You kill the hobgoblin!
Your Transmutations skill increases to level 2! 😎 MP[-1]
You lost 1 mp, and now have 7/8 mp.
You can't see any susceptible monsters within range! (Use Z to cast anyway.)
h - a scroll labelled MIGOTYBL WUILU 😎 MP[+1]
Your mp is fully restored (8).
A frilled lizard comes into view.
A frilled lizard is nearby!
A frilled lizard is nearby!
The blast of sand hits the frilled lizard!
You kill the frilled lizard! 😎 MP[-1]
You lost 1 mp, and now have 7/8 mp.
A bat comes into view. 😎 MP[+1]
Your mp is fully restored (8).
A bat is nearby!
A bat is nearby!
A bat is nearby!
A goblin comes into view. It is wielding a +0 dagger.
A goblin comes into view. It is wielding a +0 dagger.
The blast of sand hits the bat!
You kill the bat! 😎 MP[-1]
You lost 1 mp, and now have 7/8 mp.
The goblin shouts! x2
The blast of sand hits the goblin!
You kill the goblin!
The goblin hits you with a +0 dagger. 😕 HP[-1] MP[-1]
You take 1 damage, and now have 14/15 hp.
You lost 1 mp, and now have 6/8 mp.
The blast of sand hits the goblin!
You kill the goblin!
A kobold comes into view. It is wielding a +0 dagger.
You have reached level 3!
Your experience leads to an increase in your attributes!
Increase (S)trength, (I)ntelligence, or (D)exterity?
You feel clever. x2 😎 HP[+5]
You now have 19 max hp (+4).
Your hp is fully restored (19).
The blast of sand hits the kobold!
You kill the kobold!
You can't see any susceptible monsters within range! (Use Z to cast anyway.)
You can't see any susceptible monsters within range! (Use Z to cast anyway.)
Found two stone staircases leading down.
Sigmund the Dreaded comes into view.
He is wielding a +0 scythe and wearing a +2 robe of willpower.
You see here 12 gold pieces. 😎 MP[+4]
Your mp is fully restored (10).
The blast of sand hits Sigmund!
Sigmund shouts!
Sigmund gestures wildly while chanting.
Sigmund flickers and vanishes!
Deactivating autopickup; reactivate with Ctrl-A. 😎 MP[-1]
You lost 1 mp, and now have 9/10 mp.
You can't see any susceptible monsters within range! (Use Z to cast anyway.) 😎 MP[+1]
Your mp is fully restored (10).
A magic dart appears from out of thin air!
The magic dart hits you! 😮 HP[-8]
You take 8 damage, and now have 11/19 hp.
MASSIVE DAMAGE!! (PAUSE)
You are confused.
You bump into the rock wall.
Something tries to affect you, but you resist. 😮 HP[+1]
You bump into the rock wall.
You're too confused to move!
You feel less confused. 😮 HP[+1]
A magic dart appears from out of thin air!
The magic dart hits you!
* * * LOW HITPOINT WARNING * * *
😱 HP[-9]
You take 9 damage, and now have 4/19 hp.
MASSIVE DAMAGE!! (PAUSE)
A puff of flame appears from out of thin air!
The puff of flame hits you!
You die...

Skill      XL: |  1  2 |
---------------+-------+-----
Transmutations | 2 |  2.1
Dodging        | |  2.4
Stealth        | |  2.4
Spellcasting   | |  3.7
Earth Magic    | |  3.7

Action                     || total
---------------------------++-------
   Cast: Sandblast         ||    26
    Use: Scroll            ||     2
 Armour: Robe              ||     2
  Dodge: Dodged            ||     4

Levels and vault maps discovered:
D:1:      mainiacjoe_arrival_reflecting_pool, layout_basic, minmay_tetromino_t2
D:2:      layout_rooms, serial_shops, shop_statue, minmay_quadrilaterals,
          uniq_sigmund

Notes
Turn   | Place    | Note
-------+----------+-------------------------------------------
     0 | D:1      | spiderkeys the Deep Elf Earth Elementalist began the quest
                  | for the Orb.
     0 | D:1      | Reached XP level 1. HP: 10/10 MP: 6/6
     0 | D:1      | magus.rc [v1.11.6]
    46 | D:1      | You add the spells Necrotise, Summon Small Mammal and
                  | Apportation to your library.
   161 | D:1      | You add the spells Sublimation of Blood, Wereblood and
                  | Summon Hydra to your library.
   474 | D:1      | Reached XP level 2. HP: 15/15 MP: 5/8
   876 | D:2      | Found Raqoxin's General Store.
   988 | D:2      | Reached skill level 2 in Transmutations
  1032 | D:2      | Reached XP level 3. HP: 19/19 MP: 6/10
  1075 | D:2      | Noticed Sigmund
  1102 | D:2      | HP: 4/19 [something/magic dart (9)]
  1103 | D:2      | Killed from afar by Sigmund

Vanquished Creatures
  An adder (D:2)
  3 goblins
  4 hobgoblins
  A quokka (D:1)
  2 bats
  A frilled lizard (D:2)
  4 kobolds
  4 rats
20 creatures vanquished.

Table legend:
 A = Non-vault XP
 B = Vault XP
 C = Vault XP percentage of total XP
 D = Non-vault monster count
 E = Vault monster count
 F = Vault count percentage of total count
                 A         B        C        D         E       F
            +---------+---------+-------+---------+---------+-------
      Total |      42 |       1 |   2.3 |      19 |       1 |   5.0
            +---------+---------+-------+---------+---------+-------
        D:1 |      14 |       1 |   6.7 |       9 |       1 |  10.0
        D:2 |      28 |       0 |   0.0 |      10 |       0 |   0.0
            +---------+---------+-------+---------+---------+-------

Skill      XL: |  1  2 |
---------------+-------+-----
Transmutations | 2 |  2.1
Dodging        | |  2.4
Stealth        | |  2.4
Spellcasting   | |  3.7
Earth Magic    | |  3.7

Action                     || total
---------------------------++-------
   Cast: Sandblast         ||    26
    Use: Scroll            ||     2
 Armour: Robe              ||     2
  Dodge: Dodged            ||     4

Illustrated notes

Table legend:
 A = Kills in this place as a percentage of kills in the entire game.
 B = Kills by you in this place as a percentage of kills by you in the entire game.
 C = Kills by friends in this place as a percentage of kills by friends in the entire game.
 D = Other kills in this place as a percentage of other kills in the entire game.
 E = Experience gained in this place as a percentage of experience gained in the entire game.
 F = Experience gained in this place divided by the number of levels of this place that you have seen.
                   A       B       C       D       E      F
               +-------+-------+-------+-------+-------+----------------------
         Total | 100.0 | 100.0 |   N/A |   N/A | 100.0 |  21.5
       Dungeon | 100.0 | 100.0 |   N/A |   N/A | 100.0 |  21.5
               +-------+-------+-------+-------+-------+----------------------

Table legend: (Time is in decaauts)
 A = Elapsed time spent in this place.
 B = Non-inter-level travel time spent in this place.
 C = Inter-level travel time spent in this place.
 D = Time resting spent in this place.
 E = Time spent auto-exploring this place.
 F = Levels seen in this place.
 G = Mean time per level.
                   A        B        C        D        E       F      G
               +--------+--------+--------+--------+--------+-----+--------+
         Total |   1115 |   1100 |     15 |      0 |    972 |   2 |  557.5 |
       Dungeon |   1115 |   1100 |     15 |      0 |    972 |   2 |  557.5 |
               +--------+--------+--------+--------+--------+-----+--------+

Top non-repeatable levels by time:
     D:1: 881 daAuts
     D:2: 233 daAuts
